 Dungeon Crawl Stone Soup version 0.27.1 (webtiles) character file.

Game seed: 11678730894779604705

617 ZARRMARR the Sneak (level 7, 0/46 HPs)
             Began as an Octopode Conjurer on Sept 4, 2021.
             Slain by a hound (4 damage)
             ... on level 5 of the Dungeon.
             The game lasted 00:22:33 (4494 turns).

ZARRMARR the Sneak (Octopode Conjurer)              Turns: 4494, Time: 00:22:34

Health: 0/46       AC:  1    Str:  7    XL:     7   Next: 45%
Magic:  0/12       EV: 13    Int: 22    God:
Gold:   93         SH:  5    Dex: 10    Spells: 10/13 levels left

rFire    . . .     SeeInvis .   o - +1 short sword (elec)
rCold    . . .     Faith    .   (no shield)
rNeg     . . .     Spirit   .   (helmet restricted)
rPois    .         Reflect  +   n - amulet of reflection
rElec    .         Harm     .   (no ring)
rCorr    .         Rampage  .   (no ring)
Will     .....                  (no ring)
Stlth    ++++......             (no ring)
HPRegen  0.15/turn              (no ring)
MPRegen  0.13/turn              (no ring)
                                (no ring)
                                (no ring)

@: lethally poisoned (0 -> -3)
A: almost no armour, amphibious, 8 rings, camouflage 1, gelatinous body 1,
(nimble swimmer 1), tentacles
a: no special abilities


You were on level 5 of the Dungeon.
You visited 1 branch of the dungeon, and saw 5 of its levels.
You also visited: Sewer.

You collected 123 gold pieces.
You spent 30 gold pieces at shops.

Inventory:

Hand Weapons
 o - a +1 short sword of electrocution (weapon)
Missiles
 e - a throwing net (quivered)
Magical Staves
 s - a staff of poison
Jewellery
 n - an amulet of reflection (around mantle)
Scrolls
 b - 2 scrolls of identify {unknown}
 f - a scroll of enchant armour {unknown}
 g - a scroll of torment {unknown}
 h - 2 scrolls of teleportation
 j - 2 scrolls of magic mapping {unknown}
 l - a scroll of fog {unknown}
 m - a scroll of silence {unknown}
Potions
 c - a potion of lignification {unknown}
 d - 4 potions of mutation {unknown}
 i - a potion of invisibility {unknown}
 k - 2 potions of flight {unknown}
 p - 2 potions of heal wounds {unknown}


   Skills:
 + Level 3.2 Fighting
 + Level 3.9 Dodging
 + Level 5.5 Stealth
 + Level 3.7 Spellcasting
 + Level 5.3 Conjurations


You had 10 spell levels left.
You knew the following spells:

 Your Spells              Type           Power      Damage    Failure   Level
a - Magic Dart            Conj           100%       1d8       1%          1
b - Searing Ray           Conj           54%        3d5       1%          2

Your spell library contained the following spells:

 Spells                   Type           Power      Damage    Failure   Level
 Dazzling Flash           Conj/Hex       30%        N/A       12%         3
 Fulminant Prism          Conj/Hex       7%         3d7       36%         4
 Iskenderun's Mystic Bla  Conj/Tloc      15%        2d5       36%         4


Dungeon Overview and Level Annotations

Branches:
Dungeon (5/15)              Sewer (visited)
 Temple: D:4-7

Altars:
Gozag

Shops:
D:1 ?

Annotations:
D:3 Sigmund
D:4 Menkaure


Innate Abilities, Weirdness & Mutations

You cannot wear most types of armour.
You are amphibious.
You can wear up to eight rings at the same time.
Your skin changes colour to match your surroundings (Stealth+).
Your rubbery body absorbs attacks. (AC +1, EV +1)
((You are camouflaged near water. (Stealth+)))
You have tentacles for arms and can constrict up to eight enemies at once.


Message History

Confirm with . or Enter, or press ? or * to list all spells.
Restarting spell: Searing Ray (safe; 1% risk of failure)
Press: ? - help, Shift-Dir - straight line, f/p - scorpion
Aim: a scorpion (severely wounded, 79% to hit)
The searing ray misses the scorpion. (Press . to maintain the ray.)
You feel very sick. The scorpion stings you.
The searing ray hits the scorpion.
The scorpion is almost dead.
The searing ray hits the hound.
The hound is moderately wounded.
You feel very sick. You block the scorpion's attack.
Unknown command.
The searing ray hits the scorpion.
You kill the scorpion!
The searing ray hits the hound!
The hound is almost dead.
You feel sick. The hound barely misses you.
Unknown command.
Casting: Searing Ray (safe; 1% risk of failure)
Confirm with . or Enter, or press ? or * to list all spells.
You don't have enough magic to cast this spell.
Casting: Searing Ray (safe; 1% risk of failure)
Confirm with . or Enter, or press ? or * to list all spells.
Okay, then.
Unknown command.
You feel sick.
You hit the hound. Your grab misses the hound.
The hound is almost dead.
You feel sick. The hound bites you.
* * * LOW HITPOINT WARNING * * *
The hound bites you.
* * * LOW HITPOINT WARNING * * *
You hit the hound but do no damage. Your grab misses the hound.
The hound is almost dead.
* * * LOW HITPOINT WARNING * * *
You feel sick. The hound bites you.
You die...

# .##.#
......######
#...†h@..#
.....#####.#####.#
### ###.........
#.....####.#
#.#...#
..#####.##.##
#...(......#
..#####....## #
#...#.#...# ..


You could see a hound.

Vanquished Creatures
  Purgy (Sewer)
  2 phantoms (D:5)
  2 scorpions
  An orc priest (D:4)
  2 iguanas (D:4)
  An orc wizard (D:5)
  5 adders
  A river rat (D:3)
  An ufetubus (D:4)
  An adder skeleton (D:4)
  2 worms (D:3)
  8 orcs
  6 endoplasms
  A giant cockroach (D:1)
  9 goblins
  6 hobgoblins
  4 jackals (D:1)
  2 quokkas
  11 ball pythons
  2 bats
  2 frilled lizards (D:1)
  10 kobolds
  8 rats
88 creatures vanquished.

Notes
Turn   | Place    | Note
-------+----------+-------------------------------------------
     0 | D:1      | ZARRMARR the Octopode Conjurer began the quest for the Orb.
     0 | D:1      | Reached XP level 1. HP: 11/11 MP: 3/3
    18 | D:1      | Found Fail Zem's Magic Scroll Boutique.
   393 | D:1      | Reached XP level 2. HP: 18/18 MP: 0/5
   705 | D:1      | Reached XP level 3. HP: 18/22 MP: 0/6
   907 | D:1      | Reached skill level 1 in Fighting
  1271 | D:1      | Learned a level 2 spell: Searing Ray
  1520 | D:1      | Bought a scroll of teleportation for 30 gold pieces
  1641 | D:2      | Noticed a great orb of eyes
  1643 | D:2      | Found a faded altar of an unknown god.
  1655 | D:2      | Noticed a golden eye
  1655 | D:2      | Noticed a golden eye
  1655 | D:2      | Noticed an eye of devastation
  2138 | D:3      | Reached XP level 4. HP: 16/28 MP: 2/7
  2343 | D:3      | Found a glowing drain.
  2360 | Sewer    | Entered a sewer
  2547 | Sewer    | Noticed Purgy
  2657 | Sewer    | Killed Purgy
  2658 | Sewer    | Reached XP level 5. HP: 20/34 MP: 1/9
  3092 | D:3      | Noticed Sigmund
  3342 | D:4      | Reached XP level 6. HP: 39/39 MP: 1/10
  3604 | D:4      | Noticed Menkaure
  3682 | D:4      | Reached skill level 5 in Conjurations
  4067 | D:5      | Entered Level 5 of the Dungeon
  4242 | D:5      | Reached skill level 5 in Stealth
  4342 | D:5      | Found an opulent altar of Gozag.
  4358 | D:5      | Reached XP level 7. HP: 45/45 MP: 4/12
  4494 | D:5      | Slain by a hound

Illustrated notes

Levels and vault maps discovered:
D:1:      mrwooster_arrival_statue_2, layout_basic, serial_shops,
          nicolae_shop_competitors_out_of_business
D:2:      layout_basic, hellmonk_ecumenical_altar_watching_god
D:3:      layout_loops_ring, portal_sewer_entry_b, uniq_sigmund
D:4:      layout_rooms, grunt_dithmenos_smoke, minmay_puff, uniq_menkaure
D:5:      minmay_general_purpose_star, layout_loops_cross, lemuel_doored_altar,
          mainiacjoe_overflow_six_doors_small

Skill      XL: |  1  2  3  4  5  6  7 |
---------------+----------------------+-----
Stealth        | 3 4 5 |  5.5
Fighting       | 1 2 3 |  3.2
Dodging        | 3 |  3.9
Spellcasting   | 3 |  3.7
Conjurations   | 5 |  5.3

Action                   |  1- 3 |  4- 6 |  7- 9 || total
-------------------------+-------+-------+-------++-------
Melee: Great sword       |    15 |     9 |       ||    24
       Tentacles         |     3 |     1 |       ||     4
       Constrict         |     3 |       |       ||     3
       Short sword       |       |       |     2 ||     2
Throw: Stone             |       |     6 |       ||     6
       Throwing net      |       |     1 |       ||     1
 Cast: Magic Dart        |    62 |    34 |     5 ||   101
       Searing Ray       |     8 |    28 |     4 ||    40
 Stab: Sleeping          |     1 |       |       ||     1
Armor: Skin              |     1 |     1 |       ||     2
Dodge: Dodged            |    16 |    13 |     2 ||    31
Block: Other             |       |     4 |     1 ||     5
       Reflection        |       |     1 |       ||     1
       Rpst.: Great sword |     5 |     5 |       ||    10
